 Dungeon Crawl Stone Soup version 0.28-a0-519-gbfeecf2fc5 (webtiles) character file.

Game seed: 4530630050662014346

108 speeev33 the Skirmisher (level 4, -1/29 HPs)
             Began as a Gargoyle Fighter on Sept 23, 2021.
             Slain by a hobgoblin (4 damage)
             ... on level 1 of the Dungeon.
             The game lasted 00:04:42 (2739 turns).

speeev33 the Skirmisher (Gargoyle Fighter)          Turns: 2739, Time: 00:04:43

Health: -1/29      AC: 12    Str: 20    XL:     4   Next: 87%
Magic:  4/4        EV:  9    Int:  9    God:
Gold:   31         SH:  4    Dex:  9    Spells: 3/3 levels left

rFire   . . .      SeeInvis .   a - +0 flail
rCold   . . .      Faith    .   c - +0 buckler
rNeg    + . .      Spirit   .   b - +0 scale mail
rPois   ∞          Reflect  .   (no helmet)
rElec   +          Harm     .   (no cloak)
rCorr   .          Rampage  .   g - +1 pair of gloves
Will    .....                   (no boots)
Stlth   ..........              (no amulet)
HPRegen 0.09/turn               (no ring)
MPRegen 0.09/turn               (no ring)

@: no status effects
A: sickness immunity, AC +3, negative energy resistance 1, electricity
resistance, torment resistance 1, petrification resistance
a: no special abilities


You were on level 1 of the Dungeon.
You visited 1 branch of the dungeon, and saw 2 of its levels.

You collected 31 gold pieces.

Inventory:

Hand Weapons
 a - a +0 flail (weapon)
Missiles
 d - 4 atropa-tipped darts (quivered)
Armour
 b - a +0 scale mail (worn)
 c - a +0 buckler (worn)
 g - a +1 pair of gloves (worn)
Scrolls
 h - a scroll of magic mapping
Potions
 e - 2 potions of mutation
 f - a potion of ambrosia {unknown}


   Skills:
 + Level 4.2 Fighting
 + Level 2.9 Maces & Flails
 + Level 4.1 Armour
 - Level 4.0 Shields


You had 3 spell levels left.
You didn't know any spells.
Your spell library contained the following spells:

 Spells                   Type           Power      Damage    Failure   Level
 Petrify                  Tmut/Erth      0%         N/A       100%        4
 Metabolic Englaciation   Hex/Ice        0%         N/A       100%        5
 Statue Form              Tmut/Erth      Unusable   N/A       N/A         6

Dungeon Overview and Level Annotations

Branches:
Dungeon (2/15)

Altars:

Shops:
D:1 *


Innate Abilities, Weirdness & Mutations

You are immune to sickness and miasma.
Your stone body is resilient. (AC +3)
You are immune to poison.
You resist negative energy. (rN+)
You are resistant to electric shocks. (rElec)
You are resistant to unholy torment.
You are immune to petrification.


Message History

The adder bites you.
You miss the adder.
The hobgoblin drinks a potion.
The hobgoblin seems to grow stronger.
The adder closely misses you.
You miss the adder. The adder closely misses you.
The adder bites you but does no damage.
You barely miss the adder. The hobgoblin barely misses you.
The adder bites you but does no damage.
The hobgoblin hits you but does no damage.
Okay, then.
You barely miss the adder. The adder bites you but does no damage.
The hobgoblin closely misses you. The adder bites you.
You barely miss the adder. The adder bites you but does no damage.
The hobgoblin hits you with a +0 hand axe.
* * * LOW HITPOINT WARNING * * *
Unknown command.
The adder closely misses you. You block the hobgoblin's attack.
You see here an adder corpse.
There is a stone staircase leading up here.
The hobgoblin hits you with a +0 hand axe.
* * * LOW HITPOINT WARNING * * *
You climb upwards.
There is a stone staircase leading down here.
Items here: ( )))).
The hobgoblin no longer looks unusually strong.
You barely miss the hobgoblin. The hobgoblin misses you.
You hit the hobgoblin but do no damage.
The hobgoblin hits you but does no damage.
You hit the hobgoblin.
The hobgoblin is moderately wounded.
The hobgoblin hits you with a +0 hand axe.
* * * LOW HITPOINT WARNING * * *
The hobgoblin hits you but does no damage.
You closely miss the hobgoblin.
The hobgoblin is moderately wounded.
The hobgoblin hits you but does no damage.
You hit the hobgoblin but do no damage.
The hobgoblin is moderately wounded.
The hobgoblin hits you with a +0 hand axe.
You die...

#.##.#[##...#
#....#.#.#
##...###.....#
#......#.#
#..##.#.##...#
#....###.#
#..#.....#...#
#........#
#....#.......#
#...#.####
#.####.......#
#####.##..
#............#
#.##.#
##########g###
#..#.#
#####@###
##.#.#
#.......#
#...#
#.......#
##..#
#.......# #..#
#####.### ##.#
#.# #.# #.#
#.. #.# #..
######## #.#
#..


You could see a hobgoblin.

Vanquished Creatures
  4 gnolls
  An adder (D:2)
  4 dart slugs
  3 ball pythons
  7 bats (D:1)
  5 endoplasms (D:1)
  3 giant cockroaches
  4 goblins (D:1)
  6 hobgoblins
  4 kobolds
  A quokka (D:2)
  2 frilled lizards (D:2)
  6 rats
50 creatures vanquished.

Vanquished Creatures (others)
  4 plants (D:1)
  A withered plant (D:1)
5 creatures vanquished.

Grand Total: 55 creatures vanquished

Notes
Turn   | Place    | Note
-------+----------+-------------------------------------------
     0 | D:1      | speeev33 the Gargoyle Fighter began the quest for the Orb.
     0 | D:1      | Reached XP level 1. HP: 14/14 MP: 1/1
   137 | D:1      | Reached XP level 2. HP: 18/19 MP: 2/2
   247 | D:1      | Reached XP level 3. HP: 3/23 MP: 3/3
   636 | D:1      | Found Olalyn's General Store.
  1248 | D:1      | Found a faded altar of an unknown god.
  1786 | D:1      | Reached XP level 4. HP: 20/29 MP: 4/4
  2739 | D:1      | Slain by a hobgoblin

Illustrated notes

Levels and vault maps discovered:
D:1:      dpeg_arrival_leaves_temple_mockup, layout_basic, serial_shops,
          nicolae_shop_statue_plus, shapermc_ecumenical_altar_flowoftime,
          minmay_tall_x
D:2:      layout_rooms, serial_rivers, chequers_serial_rivers_marsh,
          chequers_serial_rivers_large_a, chequers_serial_rivers_small_3,
          chequers_serial_rivers_small_b, chequers_serial_rivers_micro_d,
          chequers_serial_rivers_room_b, minmay_split_cup_large

Skill      XL: |  1  2  3  4 |
---------------+-------------+-----
Shields        | 4 |  4.0
Fighting       | 4 |  4.2
Armour         | 4 |  4.1
Maces & Flails | |  2.9

Action                   |  1- 3 |  4- 6 || total
-------------------------+-------+-------++-------
Melee: Flail             |   169 |    58 ||   227
  Use: Scroll            |     1 |     5 ||     6
       Potion            |       |     1 ||     1
Armor: Scale mail        |   112 |    22 ||   134
Dodge: Dodged            |    53 |    37 ||    90
Block: Buckler           |    41 |    10 ||    51

Table legend: (Time is in decaauts)
 A = Elapsed time spent in this place.
 B = Non-inter-level travel time spent in this place.
 C = Inter-level travel time spent in this place.
 D = Time resting spent in this place.
 E = Time spent auto-exploring this place.
 F = Levels seen in this place.
 G = Mean time per level.
                   A        B        C        D        E       F      G
               +--------+--------+--------+--------+--------+-----+--------+
         Total |   2817 |   2706 |    111 |   1191 |    841 |   2 | 1408.5 |
       Dungeon |   2817 |   2706 |    111 |   1191 |    841 |   2 | 1408.5 |
               +--------+--------+--------+--------+--------+-----+--------+

Top non-repeatable levels by time:
     D:1: 2161 daAuts
     D:2: 655 daAuts
